 Dungeon Crawl Stone Soup version 0.19-a0-264-gaf32591 (webtiles) character file.

56 badwolfe the Slasher (level 3, -1/33 HPs)
             Began as a Minotaur Berserker on May 25, 2016.
             Was a Believer of Trog.
             Slain by a hound skeleton (2 damage)
             ... on level 4 of the Dungeon.
             The game lasted 00:03:11 (1717 turns).

badwolfe the Slasher (Minotaur Berserker)           Turns: 1717, Time: 00:03:12

Health: -1/33      AC:  2    Str: 22    XL:     3   Next: 71%
Magic:  2/2        EV: 12    Int:  4    God:    Trog [**....]
Gold:   76         SH:  0    Dex:  9    Spells: 0 memorised, 2 levels left

rFire  . . .     SeeInvis .     a - +0 falchion
rCold  . . .     Gourm    .     b - +0 animal skin
rNeg   . . .     Faith    .     (no shield)
rPois  .         Spirit   .     (helmet restricted)
rElec  .         Dismiss  .     (no cloak)
rCorr  .         Reflect  .     (no gloves)
SustAt .         Harm     .     (no boots)
MR     .....                    (no amulet)
Stlth  +.........               (no ring)
                                (no ring)

@: lethally poisoned (-1 -> -23), not resistant to hostile enchantments, very
unstealthy
A: retaliatory headbutt, horns 2
a: Berserk, Trog's Hand, Burn Spellbooks, Renounce Religion


You were on level 4 of the Dungeon.
You worshipped Trog.
Trog was pleased with you.
You were not hungry.

You visited 1 branch of the dungeon, and saw 4 of its levels.

You collected 76 gold pieces.

Inventory:

Hand Weapons
 a - a +0 falchion (weapon)
Armour
 b - a +0 animal skin (worn)
Jewellery
 i - a +3 ring of evasion {unknown}
Scrolls
 d - a scroll of identify {unknown}
 e - 2 scrolls of recharging {unknown}
 f - a scroll of amnesia {unknown}
 h - a scroll of teleportation {unknown}
Potions
 g - a potion of heal wounds {unknown}
Comestibles
 c - a bread ration


   Skills:
 + Level 3.9 Fighting
 + Level 4.3 Long Blades
 + Level 2.9 Armour
 + Level 3.2 Dodging
 + Level 0.1 Stealth


You had 2 spell levels left.
You didn't know any spells.

Dungeon Overview and Level Annotations

Branches:
Dungeon (4/15)
 Temple: D:4-7

Altars:
Ru


Innate Abilities, Weirdness & Mutations

You reflexively headbutt those who attack you in melee.
You have a pair of horns on your head.


Message History

The worker ant bites you.
You barely miss the worker ant.
You feel sick.
The worker ant bites you but does no damage.
The hound skeleton bites you but does no damage.
You barely miss the worker ant. The worker ant bites you.
* * * LOW HITPOINT WARNING * * *
The hound skeleton barely misses you. You furiously retaliate!
You headbutt the hound skeleton!
You hit the worker ant but do no damage.
Your headbutt misses the worker ant.
You feel sick. The hound skeleton bites you.
* * * LOW HITPOINT WARNING * * *
The worker ant bites you.
* * * LOW HITPOINT WARNING * * *
You are more poisoned.
The worker ant poisons you! The worker ant bites you.
* * * LOW HITPOINT WARNING * * *
You are more poisoned.
The worker ant poisons you! The hound skeleton bites you.
You die...

..#.......#..
#.#.......#..
#....._..... #.
......!# ##.
......# #.. .Z.. .
..###..####.####...
.......@a.(........
.##.....Z.<........
#########......##
#...##.# ..#... ..
.##.### . .. .# ..
.# .##


You could see a worker ant and a hound skeleton.

Vanquished Creatures
  An ooze (D:1)
  2 dart slugs (D:1)
  3 giant geckos (D:1)
  6 bats (D:1)
  A giant cockroach (D:1)
  8 goblins (D:1)
  6 hobgoblins
  4 jackals (D:1)
  A quokka (D:3)
  A giant newt (D:1)
  2 kobolds (D:1)
  3 rats (D:1)
38 creatures vanquished.

Notes
Turn   | Place    | Note
--------------------------------------------------------------
     0 | D:1      | badwolfe the Minotaur Berserker began the quest for the Orb.
     0 | D:1      | Reached XP level 1. HP: 19/19 MP: 0/0
   109 | D:1      | Reached XP level 2. HP: 13/27 MP: 1/1
   308 | D:1      | Reached skill level 4 in Long Blades
   742 | D:1      | Reached XP level 3. HP: 17/33 MP: 2/2
   776 | D:1      | Reached ** piety under Trog
  1708 | D:4      | Found a sacrificial altar of Ru.
  1717 | D:4      | HP: 1/33 [worker ant (2)]
  1717 | D:4      | Slain by a hound skeleton

Vault maps used:
D:1:      tarquinn_simple_flora_water_a
D:2:      lemuel_round_altar, first_bread, grunt_pakellas_mercury
D:3:      nicolae_overflow_crystal_walls
D:4:      old_standard_altar, old_standard_altar

Skill      XL: |  1  2  3 |
---------------+----------+-----
Long Blades    | 4 |  4.3
Dodging        | 3 |  3.2
Fighting       | |  3.9
Armour         | |  2.9
Stealth        | |  0.1

Action                   || total
-------------------------++-------
Melee: Falchion          ||    65
       Headbutt          ||     6
  Eat: Bread ration      ||     1
Armor: Animal skin       ||    27
Dodge: Dodged            ||   106
